 Dungeon Crawl Stone Soup version 0.20.1-1-g8b1a95d (webtiles) character file.

93 pstr the Conjurer (level 4, -3/24 HPs)
             Began as a Kobold Conjurer on Nov 30, 2017.
             Was an Initiate of Dithmenos.
             Slain by an iguana (13 damage)
             ... on level 4 of the Dungeon.
             The game lasted 00:06:05 (2509 turns).

pstr the Conjurer (Kobold Conjurer)                 Turns: 2509, Time: 00:06:06

Health: -3/24      AC:  2    Str:  5    XL:     4   Next: 91%
Magic:  1/8        EV: 15    Int: 17    God:    Dithmenos [......]
Gold:   139        SH:  0    Dex: 15    Spells: 5/8 levels left

rFire    + . .     SeeInvis .   h - +2 dagger (pain)
rCold    x . .     Gourm    .   (shield restricted)
rNeg     . . .     Faith    .   a - +0 robe
rPois    .         Spirit   .   (no helmet)
rElec    .         Reflect  .   (no cloak)
rCorr    .         Harm     .   (no gloves)
MR       .....                  (no boots)
Stlth    ++........             (no amulet)
Regen    0.1/turn               o - ring of fire
MPRegen  0.2/turn               (no ring)

@: drained
A: carnivore 3
a: Renounce Religion


You were on level 4 of the Dungeon.
You worshipped Dithmenos.
Dithmenos was noncommittal.
You were very full.

You visited 1 branch of the dungeon, and saw 4 of its levels.

You collected 139 gold pieces.

Inventory:

Hand Weapons
 h - a +2 dagger of pain (weapon)
Missiles
 g - 121 stones (quivered)
 j - 35 arrows
Armour
 a - a +0 robe (worn)
 f - a +0 leather armour
Jewellery
 o - a ring of fire (left hand)
Wands
 r - a wand of clouds (6/9)
 s - a wand of polymorph (13/24)
Scrolls
 d - 3 scrolls of identify {unknown}
 i - 2 scrolls of teleportation {unknown}
 k - 2 scrolls of remove curse {unknown}
 n - a scroll of fear {unknown}
 q - a scroll of amnesia {unknown}
 u - a scroll of immolation {unknown}
Potions
 e - 2 potions of curing {unknown}
 l - a potion of lignification {unknown}
 m - a potion of agility {unknown}
 p - a potion of brilliance {unknown}
Books
 b - a book of Conjurations

   Spells                             Type                      Level
   a - Magic Dart                     Conjuration                  1
   b - Searing Ray                    Conjuration                  2
   c - Dazzling Spray                 Conjuration/Hexes            3
   d - Fulminant Prism                Conjuration/Hexes            4
   e - Force Lance                    Conjuration/Translocation    4
   f - Iskenderun's Mystic Blast      Conjuration                  4
Comestibles
 c - 2 meat rations


   Skills:
 + Level 2.8(2.4) Dodging
 + Level 2.9(2.5) Stealth
 + Level 2.8(2.4) Spellcasting
 + Level 5.3(4.8) Conjurations


You had 5 spell levels left.
You knew the following spells:

 Your Spells              Type           Power        Failure   Level  Hunger
a - Magic Dart            Conj           ###.         2%          1    #......
b - Searing Ray           Conj           ###...       3%          2    ##.....


Dungeon Overview and Level Annotations

Branches:
Dungeon (4/15)
 Temple: D:4-7

Altars:
Dithmenos
Uskayaw
The Shining One


Innate Abilities, Weirdness & Mutations

You are small and have problems with some larger weapons.
You are carnivorous and can eat meat at any time.


Message History

Aiming: Searing Ray
Press: ? - help, Shift-Dir - straight line, f/p - iguana
Aim: an iguana (severely wounded)
The searing ray misses the iguana. (Press . to maintain the ray.)
The iguana closely misses you.
The searing ray hits the iguana.
The iguana is severely wounded.
The iguana bites you!
You hit the iguana but do no damage.
The iguana is severely wounded.
The iguana bites you but does no damage.
You hit the iguana.
The iguana is severely wounded.
The iguana barely misses you.
You hit the iguana but do no damage.
The iguana is severely wounded.
The iguana bites you!
Ouch! That really hurt!
You die...

# .# .. ..
.#
######..####
#.@)........
#l####..####
... .# ###.
# #. #. #.
#.


You could see an iguana.

Vanquished Creatures
  Terence (D:2)
  An adder (D:2)
  2 dart slugs
  A leopard gecko (D:1)
  3 orcs
  A ball python (D:1)
  2 giant cockroaches
  5 goblins
  8 hobgoblins
  4 jackals (D:2)
  5 bats (D:1)
  6 frilled lizards
  4 kobolds
  5 rats
48 creatures vanquished.

Notes
Turn   | Place    | Note
-------+----------+-------------------------------------------
     0 | D:1      | pstr the Kobold Conjurer began the quest for the Orb.
     0 | D:1      | Reached XP level 1. HP: 10/10 MP: 3/3
   354 | D:1      | Reached XP level 2. HP: 15/15 MP: 1/5
   358 | D:1      | Learned a level 2 spell: Searing Ray
   854 | D:1      | Reached XP level 3. HP: 14/19 MP: 0/6
  1471 | D:2      | Noticed Terence
  1545 | D:2      | Killed Terence
  1545 | D:2      | Reached skill level 5 in Conjurations
  1545 | D:2      | Reached XP level 4. HP: 24/24 MP: 2/7
  1971 | D:2      | Found a glowing golden altar of the Shining One.
  1971 | D:2      | Found a shadowy altar of Dithmenos.
  1974 | D:2      | Found a hide-covered altar of Uskayaw.
  1982 | D:2      | Became a worshipper of Dithmenos the Shadowed
  2509 | D:4      | Slain by an iguana

Skill      XL: |  1  2  3 |
---------------+----------+-----
Conjurations   | 5 |  5.3
Dodging        | |  2.8
Stealth        | |  2.9
Spellcasting   | |  2.8

Action                   |  1- 3 |  4- 6 || total
-------------------------+-------+-------++-------
Melee: Unarmed           |    19 |       ||    19
       Dagger            |       |     7 ||     7
 Cast: Magic Dart        |    53 |    26 ||    79
       Searing Ray       |     8 |     7 ||    15
  Eat: Chunk             |     9 |     5 ||    14
Armor: Robe              |     8 |     1 ||     9
Dodge: Dodged            |    44 |     7 ||    51
